cohdb
Replays
Latest Replays
All Replays
Popular Replays
Top Player Replays
Match Explorer
How It Works
Community
CoH3 Stats
Reddit
Sign in to upload your games and track your stats! →
Sign in with Steam
Match 41130659
Unlisted
Match 41130659
Overview
Messages
Build Orders
End
Vickers Machine Gun Team
Construct Section Command Post
Infantry Section
Infantry Section
Grenade Package
ML 3-inch Mortar Team
Selects Canadian Shock Battlegroup
Selects Incendiary Munitions
Construct Platoon Command Post
6-pounder Anti-tank Gun Team
Infantry Section
Unlock Bishop Self-propelled Artillery
Infantry Training
Bishop Self-propelled Artillery
Bishop Self-propelled Artillery
Selects Pyrotechnics
Selects Offensive Resupply
Selects Canadian Shock Section
CMP 15cwt Truck
Team Weapon Training
Light Vehicle Training
Bishop Self-propelled Artillery
Einhander
[EPIC]SAGEKING
Potato Ball Sack
苏大大
二郎显圣真君
↯↯ Blítzkrieg
0
0
Comments
sign in to comment!
No comments posted yet!